 Dungeon Crawl Stone Soup version 0.16-a0-3280-g3a29b53 (webtiles) character file.

1666 Kemay the Nimble (level 9, -2/56 HPs)
             Began as an Octopode Monk on Dec 24, 2014.
             Was a Priest of Kikubaaqudgha.
             Slain by an orc priest
             ... wielding a +0 war axe
              (10 damage)
             ... on level 6 of the Dungeon.
             The game lasted 00:21:28 (6096 turns).

Kemay the Nimble (Octopode Monk)                    Turns: 6096, Time: 00:21:29

Health: -2/56      AC:  1    Str: 13    XL:     9   Next: 1%
Magic:  12/12      EV: 17    Int: 16    God:    Kikubaaqudgha [***...]
Gold:   359        SH:  0    Dex: 14    Spells: 3 memorised, 1 level left

rFire  . . .     SeeInvis .     r - +8 quarterstaff of Befaf {crush, Str+3}
rCold  . . .     Clarity  .     (no shield)
rNeg   . . .     SustAb   +     (helmet restricted)
rPois  .         Gourm    .     (no amulet)
rElec  .         Spirit   .     o - ring of sustain abilities
rCorr  .         Warding  .     (no ring)
rMut   .         Stasis   .     (no ring)
MR     .....                    (no ring)
Stlth  +++.......               (no ring)
                                (no ring)
                                (no ring)
                                (no ring)

@: not resistant to hostile enchantments, fairly stealthy
A: almost no armour, amphibious, 8 rings, constrict 8, camouflage 1, gelatinous
body 1
a: Receive Corpses, Renounce Religion


You were on level 6 of the Dungeon.
You worshipped Kikubaaqudgha.
Kikubaaqudgha was most pleased with you.
You were not hungry.

You visited 1 branch of the dungeon, and saw 6 of its levels.

You collected 359 gold pieces.

Inventory:

Hand weapons
 r - the +8 quarterstaff of Befaf (weapon) {crush, Str+3}
   (You found it on level 4 of the Dungeon)

   It inflicts extra damage upon your enemies.
   It affects your strength (+3).
 A - a +1 short sword of venom
Missiles
 m - 4 poisoned tomahawks (quivered)
Jewellery
 g - an uncursed ring of ice
 o - a ring of sustain abilities (left tentacle)
Magical devices
 s - a wand of slowing (23)
 y - a wand of digging (14)
Scrolls
 a - a scroll of remove curse
 e - 2 scrolls of enchant weapon
 h - a scroll of recharging
 i - a scroll of magic mapping
 k - 2 scrolls of blinking
 x - 3 scrolls of teleportation
Potions
 c - a potion of flight {unknown}
 d - 2 potions of heal wounds
 j - 3 potions of curing
 l - a potion of cancellation
 p - a potion of agility {unknown}
 q - a potion of brilliance {unknown}
 t - a potion of haste {unknown}
 z - a potion of poison {unknown}
Books
 u - Kikubaaqudgha's Collected Works on Stolen Souls
   (Kikubaaqudgha gifted it to you on level 6 of the Dungeon)

   Spells                             Type                      Level
   a - Animate Dead                   Necromancy                   4
   b - Excruciating Wounds            Charms/Necromancy            5
   c - Cigotuvi's Embrace             Necromancy                   5
   d - Dispel Undead                  Necromancy                   5
   e - Simulacrum                     Ice/Necromancy               6
 w - Kikubaaqudgha's Almanac of Dark Arts
   (Kikubaaqudgha gifted it to you on level 5 of the Dungeon)

   Spells                             Type                      Level
   a - Pain                           Necromancy                   1
   b - Corpse Rot                     Necromancy                   2
   c - Sublimation of Blood           Necromancy                   2
   d - Vampiric Draining              Necromancy                   3
   e - Control Undead                 Necromancy                   4
Comestibles
 b - 8 bread rations
 f - a beef jerky
 n - 2 meat rations
 v - 20 chunks of flesh


   Skills:
 - Level 3.0 Fighting
 * Level 9.0 Dodging
 - Level 2.6 Stealth
 + Level 8.2 Unarmed Combat
 - Level 1.1 Spellcasting


You had one spell level left.
You knew the following spells:

 Your Spells              Type           Power        Failure   Level  Hunger
a - Pain                  Necr           #...         24%         1    ##.....
b - Vampiric Draining     Necr           #.........   77%         3    ####...
c - Dispel Undead         Necr           #.......     100%        5    ######.


Dungeon Overview and Level Annotations

Branches:
Dungeon (6/15)
 Temple: D:4-7

Altars:
Cheibriados
Fedhas
Kikubaaqudgha
Makhleb
Ru
Vehumet
The Shining One

Shops:
D:4 *

Annotations:
D:5 Dowan


Innate Abilities, Weirdness & Mutations

You cannot wear most types of armour.
You are amphibious.
You can wear up to eight rings at the same time.
You can use your tentacles to constrict many enemies at once.
Your skin changes colour to match your surroundings (Stealth).
Your rubbery body absorbs attacks (AC +1).


Message History

The orc priest invokes the aid of Beogh against you.
Pain shoots through your body!
The orc wizard points at you and mumbles some strange words.
The puff of frost hits you!
You thump the orc wizard!
You kill the orc wizard!
Kikubaaqudgha accepts your kill.
Your Dodging skill increases to level 9!
You have reached level 9!
Your experience leads to an increase in your attributes!
Your base attributes are Str 10, Int 15, Dex 14.
Increase (S)trength, (I)ntelligence, or (D)exterity?
You feel clever. The orc closely misses you. The orc barely misses you.
The orc priest mumbles some strange prayers to Beogh against you.
Something smites you!
* * * LOW HITPOINT WARNING * * *
The orc priest hits you with a war axe!
You die...
Kikubaaqudgha rasps: "You have failed me!
Welcome... death!"

#...........
#..........#
####.......?..+
#.##............
#.####.......o...
#....#.#####.#....
#####.#†.# .'...o.
#...#..).####o#...l
#.#..)@o.#....#...#
#.#.#oo..#.÷..#.#.#
#...#...##.#.#....#
####....)..#....######
#.##....#.........#
#.#######...#..##.#
#.....).#...#..##.#
#######[#...#..##.##
#.......'...#..#...#


You could see an orc priest and 2 orcs.

Vanquished Creatures
  The ghost of mopl the Insei, an average OpMo (D:3)
  The ghost of Gruud the Chiller, an average DsIE (D:4)
  2 sky beasts (D:5)
  An ogre (D:6)
  An orc warrior (D:6)
  3 giant frogs (D:6)
  3 crimson imps (D:5)
  A goliath beetle (D:6)
  A jelly (D:6)
  5 orc wizards
  An iguana (D:6)
  A centaur skeleton (D:6)
  3 hounds (D:5)
  7 worker ants
  7 adders
  2 giant mites
  6 worms
  2 giant geckos
  An ooze (D:1)
  22 orcs
  A ball python (D:3)
  9 bats
  A bat skeleton (D:4)
  2 giant cockroaches
  14 goblins
  14 hobgoblins
  15 jackals
  A quokka (D:5)
  A ball python zombie (D:6)
  4 giant newts
  10 kobolds
  15 rats
158 creatures vanquished.

Notes
Turn   | Place    | Note
--------------------------------------------------------------
     0 | D:1      | Kemay, the Octopode Monk, began the quest for the Orb.
     0 | D:1      | Reached XP level 1. HP: 16/16 MP: 1/1
   134 | D:1      | Found a glowing golden altar of the Shining One.
   218 | D:1      | Reached XP level 2. HP: 21/21 MP: 2/2
   544 | D:1      | Reached XP level 3. HP: 26/26 MP: 3/3
  1670 | D:2      | Reached XP level 4. HP: 31/31 MP: 4/4
  1836 | D:2      | Reached skill level 5 in Unarmed Combat
  2064 | D:3      | Noticed mopl's ghost (average OpMo)
  2088 | D:3      | Killed mopl's ghost
  2088 | D:3      | Reached XP level 5. HP: 26/36 MP: 5/5
  2182 | D:3      | Found a sacrificial altar of Ru.
  2186 | D:3      | Reached XP level 6. HP: 39/42 MP: 6/6
  2265 | D:3      | Reached skill level 5 in Dodging
  2358 | D:3      | Reached skill level 6 in Unarmed Combat
  3058 | D:4      | Noticed Gruud's ghost (average DsIE)
  3087 | D:4      | Found Kiumol's Assorted Antiques.
  3396 | D:4      | Got a twisted quarterstaff
  3397 | D:4      | Identified the +8 quarterstaff of Befaf {crush, Str+3} (You found it on level 4 of the Dungeon)
  3441 | D:4      | Found a radiant altar of Vehumet.
  3586 | D:4      | Found a snail-covered altar of Cheibriados.
  3625 | D:4      | Killed Gruud's ghost
  3625 | D:4      | Reached XP level 7. HP: 29/46 MP: 7/7
  4074 | D:5      | Entered Level 5 of the Dungeon
  4197 | D:5      | Noticed Dowan
  4260 | D:5      | Reached skill level 7 in Unarmed Combat
  4260 | D:5      | Reached skill level 1 in Spellcasting
  4518 | D:5      | Found a burning altar of Makhleb.
  4522 | D:5      | Found an ancient bone altar of Kikubaaqudgha.
  4675 | D:5      | Became a worshipper of Kikubaaqudgha
  4675 | D:5      | Acquired Kikubaaqudgha's first power
  4675 | D:5      | Received a gift from Kikubaaqudgha
  4675 | D:5      | Acquired Kikubaaqudgha's second power
  4676 | D:5      | Identified Kikubaaqudgha's Almanac of Dark Arts (Kikubaaqudgha gifted it to you on level 5 of the Dungeon)
  4679 | D:5      | Learned a level 1 spell: Pain
  4683 | D:5      | Learned a level 3 spell: Vampiric Draining
  4811 | D:5      | Reached XP level 8. HP: 46/52 MP: 11/11
  4825 | D:5      | Found a blossoming altar of Fedhas.
  4825 | D:5      | Found a sacrificial altar of Ru.
  5640 | D:6      | Reached skill level 8 in Dodging
  5661 | D:6      | Found a blossoming altar of Fedhas.
  5902 | D:6      | Received a gift from Kikubaaqudgha
  5908 | D:6      | Identified Kikubaaqudgha's Collected Works on Stolen Souls (Kikubaaqudgha gifted it to you on level 6 of the Dungeon)
  5935 | D:6      | Learned a level 5 spell: Dispel Undead
  6096 | D:6      | Reached skill level 9 in Dodging
  6096 | D:6      | Reached XP level 9. HP: 23/56 MP: 12/12
  6096 | D:6      | Slain by an orc priest

Action                   |  1- 3 |  4- 6 |  7- 9 || total
-------------------------+-------+-------+-------++-------
Melee: Unarmed           |    92 |   104 |       ||   196
       Quarterstaff      |       |    31 |   126 ||   157
Throw: Tomahawk          |       |       |     4 ||     4
  Use: Scroll            |    11 |     5 |       ||    16
       Potion            |       |     4 |       ||     4
 Stab: Sleeping          |     6 |     9 |     6 ||    21
  Eat: Chunk             |     2 |     6 |     9 ||    17
